 Dungeon Crawl Stone Soup version 0.21.0 (webtiles) character file.

60 Jynx the Changer (level 4, -2/32 HPs)
             Began as a Merfolk Transmuter on Jan 8, 2018.
             Killed from afar by Ijyb (11 damage)
             ... with a wand of flame (15)
             ... on level 3 of the Dungeon.
             The game lasted 00:03:27 (2387 turns).

Jynx the Changer (Merfolk Transmuter)               Turns: 2387, Time: 00:03:27

Health: -2/32      AC:  3    Str: 10    XL:     4   Next: 6%
Magic:  0/8        EV: 13    Int: 12    God:
Gold:   118        SH:  0    Dex: 15    Spells: 2/8 levels left

rFire    . . .     SeeInvis .     - Unarmed
rCold    . . .     Gourm    .   (no shield)
rNeg     . . .     Faith    .   b - +0 robe
rPois    .         Spirit   .   (no helmet)
rElec    .         Reflect  .   (no cloak)
rCorr    .         Harm     .   h - +0 pair of gloves
MR       .....                  (no boots)
Stlth    +.........             (no amulet)
HPRegen  0.10/turn              (no ring)
MPRegen  0.11/turn              (no ring)

@: appendage (expiring)
A: change form in water, swift swim, stealthy swim, horns 2
a: End Transformation


You were on level 3 of the Dungeon.
You were not hungry.
You had grown temporary horns.
You visited 1 branch of the dungeon, and saw 3 of its levels.

You collected 118 gold pieces.

Inventory:

Missiles
 a - 14 arrows
Armour
 b - a +0 robe (worn)
 h - a +0 pair of gloves (worn)
Potions
 e - 2 potions of mutation {unknown}
 f - a potion of curing {unknown}
 g - a potion of heal wounds {unknown}
Books
 c - a book of Changes

   Spells                             Type                      Level
   a - Beastly Appendage              Transmutation                1
   b - Sticks to Snakes               Transmutation                2
   c - Spider Form                    Transmutation/Poison         3
   d - Ice Form                       Ice/Transmutation            4
   e - Blade Hands                    Transmutation                5
Comestibles
 d - 5 rations


   Skills:
 - Level 1.1 Fighting
 - Level 2.6 Dodging
 - Level 3.2 Unarmed Combat
 + Level 2.7 Spellcasting
 * Level 4.9 Transmutations


You had 2 spell levels left.
You knew the following spells:

 Your Spells              Type           Power        Failure   Level  Hunger
a - Beastly Appendage     Tmut           ##....       3%          1    #......
b - Sticks to Snakes      Tmut           ##......     4%          2    ###....
c - Spider Form           Tmut/Pois      #.........   28%         3    ###....


Dungeon Overview and Level Annotations

Branches:
Dungeon (3/15)

Altars:
Gozag
The Shining One

Annotations:
D:3 Ijyb, Terence


Innate Abilities, Weirdness & Mutations

You revert to your normal form in water.
You are very nimble and swift while swimming.
You are very stealthy in the water. (Stealth+)
You have a pair of horns on your head.


Message History

Your ball python bites Terence.
Your ball python constricts Terence.
Your ball python bites Terence but does no damage.
Terence hits your ball python with a short sword of flaming!
Terence burns your ball python.
Your ball python dies!
Terence shouts!
Your ball python bites Ijyb but does no damage.
Your ball python constricts Ijyb.
Your ball python bites Terence but does no damage.
Your ball python constricts Terence.
Ijyb hits your ball python. Terence misses your ball python.
Your ball python bites Ijyb but does no damage.
Your ball python constricts Ijyb.
Your ball python bites Terence but does no damage.
Your ball python constricts Terence.
Ijyb hits your ball python.
Your ball python dies!
Terence struggles to escape constriction.
Your ball python bites Terence.
Your ball python constricts Terence.
Ijyb zaps a wand.
The puff of flame hits you!
You die...

....#####.###.......###
... #.# #########.# #.#
#.......# #.#
##.......# #.#
#.........
#.####........#
#...##$.......#
###.#...@S....#
#.@...g...###
#.....#..## #..#.##..#
#..#.# .# ....#.# .#
###.##.. . #.#### ## #.


You could see Ijyb, Terence and a friendly ball python.

Vanquished Creatures
  3 oozes (D:1)
  2 worms
  A ball python (D:1)
  A giant cockroach (D:1)
  6 hobgoblins
  4 jackals (D:2)
  4 kobolds
  3 bats (D:2)
  2 frilled lizards
  3 goblins
  6 rats
35 creatures vanquished.

Vanquished Creatures (collateral kills)
  An adder (D:2)
  A giant cockroach (D:2)
  2 jackals (D:2)
4 creatures vanquished.

Grand Total: 39 creatures vanquished

Notes
Turn   | Place    | Note
-------+----------+-------------------------------------------
     0 | D:1      | Jynx the Merfolk Transmuter began the quest for the Orb.
     0 | D:1      | Reached XP level 1. HP: 15/15 MP: 3/3
    23 | D:1      | Reached skill level 3 in Transmutations
    49 | D:1      | Reached XP level 2. HP: 18/21 MP: 3/5
   581 | D:1      | Reached skill level 4 in Transmutations
   645 | D:1      | Reached XP level 3. HP: 26/26 MP: 4/6
   949 | D:1      | Learned a level 2 spell: Sticks to Snakes
   953 | D:1      | Learned a level 3 spell: Spider Form
  1680 | D:2      | Found an opulent altar of Gozag.
  1885 | D:2      | Found a glowing golden altar of the Shining One.
  2097 | D:3      | Reached XP level 4. HP: 28/32 MP: 6/8
  2371 | D:3      | Noticed Ijyb
  2377 | D:3      | Noticed Terence
  2387 | D:3      | Killed from afar by Ijyb

Skill      XL: |  1  2 |
---------------+-------+-----
Transmutations | 3 4 |  4.9
Fighting       | |  1.1
Dodging        | |  2.6
Unarmed Combat | |  3.2
Spellcasting   | |  2.7

Action                   |  1- 3 |  4- 6 || total
-------------------------+-------+-------++-------
Melee: Unarmed           |   119 |    13 ||   132
       Headbutt          |    12 |     1 ||    13
       Punch             |     2 |     1 ||     3
 Cast: Beastly Appendage |    23 |     1 ||    24
       Sticks to Snakes  |     7 |     5 ||    12
  Use: Scroll            |     1 |       ||     1
 Stab: Distracted        |     1 |       ||     1
  Eat: Chunk             |     3 |     3 ||     6
Armor: Robe              |    24 |     1 ||    25
Dodge: Dodged            |    96 |     9 ||   105
